 Dungeon Crawl Stone Soup version 0.25.1-1-g288607f5aa (webtiles) character file.

Game seed: 8124824150990424586

3017 H0rd4k the Martial Artist (level 9, -4/55 HPs)
             Began as an Octopode Transmuter on July 24, 2020.
             Slain by Joseph
             ... wielding a +0 quarterstaff
              (15 damage)
             ... on level 7 of the Dungeon.
             The game lasted 00:25:54 (13296 turns).

H0rd4k the Martial Artist (Octopode Transmuter)    Turns: 13296, Time: 00:25:54

Health: -4/55      AC:  1    Str:  9    XL:     9   Next: 85%
Magic:  18/18      EV: 15    Int: 18    God:
Gold:   318        SH:  0    Dex: 13    Spells: 9/20 levels left

rFire    x . .     SeeInvis .     - Unarmed
rCold    + . .     Gourm    .   (no shield)
rNeg     . . .     Faith    .   n - +0 hat
rPois    +         Spirit   .   (no amulet)
rElec    .         Reflect  .   h - ring of resist corrosion
rCorr    +         Harm     .   r - ring of poison resistance
MR       .....                  u - ring of poison resistance
Stlth    ++++......             B - ring of ice
HPRegen  0.18/turn              (no ring)
MPRegen  0.16/turn              (no ring)
                                (no ring)
                                (no ring)

@: appendage
A: almost no armour, stealthy swim, amphibious, 8 rings, constrict 8, tentacle
spike 3, camouflage 1, gelatinous body 1
a: End Transformation


You were on level 7 of the Dungeon.
You were not hungry.
One of your tentacles had a temporary spike.
You visited 2 branches of the dungeon, and saw 10 of its levels.
You also visited: Ossuary.

You collected 318 gold pieces.

Inventory:

Hand Weapons
 C - a +1 shortbow of flaming
 F - a +1 hunting sling of freezing
Missiles
 a - 148 arrows
Armour
 n - a +0 hat (worn)
Jewellery
 h - a ring of resist corrosion (left tentacle)
 r - a ring of poison resistance (right tentacle)
 u - a ring of poison resistance (on tentacle)
 B - a ring of ice (on tentacle)
Wands
 t - a wand of clouds (6)
 A - a wand of paralysis (4)
 I - a wand of disintegration (15)
Scrolls
 g - a scroll of amnesia {unknown}
 j - 3 scrolls of teleportation
 o - 3 scrolls of remove curse
 p - a scroll of enchant weapon {unknown}
 q - 2 scrolls of immolation {unknown}
 s - a scroll of random uselessness {unknown}
 w - 2 scrolls of noise {unknown}
 y - a scroll of acquirement {unknown}
 E - 2 scrolls of fog {unknown}
 G - a scroll of enchant armour {unknown}
 H - a scroll of fear {unknown}
Potions
 b - 2 potions of mutation
 d - 3 potions of stabbing
 e - 3 potions of magic
 i - 3 potions of curing
 k - 2 potions of lignification
 l - a potion of haste
 m - a potion of degeneration
 v - 5 potions of flight
 x - a potion of berserk rage
 z - 2 potions of brilliance
 J - a potion of invisibility
Comestibles
 c - 19 rations


   Skills:
 + Level 2.6 Fighting
 + Level 4.1 Dodging
 + Level 5.8 Stealth
 + Level 8.2 Unarmed Combat
 * Level 6.2 Spellcasting
 * Level 6.1 Transmutations
 + Level 1.0 Poison Magic
 + Level 1.8 Evocations


You had 9 spell levels left.
You knew the following spells:

 Your Spells              Type           Power        Failure   Level  Hunger
a - Beastly Appendage     Tmut           ####..       1%          1    None
b - Sticks to Snakes      Tmut           ####....     1%          2    None
c - Spider Form           Tmut/Pois      ###.......   8%          3    ##.....
d - Blade Hands           Tmut           ####......   26%         5    #####..

Your spell library contained the following spells:

 Spells                   Type           Power        Failure   Level  Hunger
 Ice Form                 Ice/Tmut       ####....     32%         4    ####...


Dungeon Overview and Level Annotations

Branches:
Dungeon (9/15)             Temple (1/1) D:5         Ossuary (visited)
   Lair: D:8-11         Orc: D:9-12

Altars:
Ashenzari
Cheibriados
Elyvilon
Fedhas
Hepliaklqana
Kikubaaqudgha
Nemelex Xobeh
Okawaru
Qazlal
Ru
Sif Muna
Trog
Vehumet
Wu Jian
Xom
Yredelemnul
Zin
The Shining One

Shops:
D:7 *

Annotations:
D:7 exclusion: hungry ghost, Joseph, Maggie, Pikel
D:8 exclusions: sky beast and upstairs
D:9 3 runed translucent doors


Innate Abilities, Weirdness & Mutations

You cannot wear most types of armour.
You are very stealthy in the water. (Stealth+)
You are amphibious.
You can wear up to eight rings at the same time.
You can use your tentacles to constrict eight enemies at once.
Your skin changes colour to match your surroundings (Stealth+).
Your rubbery body absorbs attacks. (AC +1, EV +1)
One of your tentacles bears a large vicious spike.


Message History

You barely miss Joseph.
Joseph is moderately wounded.
You constrict Joseph. Joseph misses you.
You bludgeon Joseph!
You pierce Joseph, but do no damage.
Joseph is heavily wounded.
You constrict Joseph. Joseph hits you with a +0 quarterstaff!
You tentacle-slap Joseph. You squeeze Joseph.
Joseph is heavily wounded.
You constrict Joseph. Joseph hits you with a +0 quarterstaff.
You tentacle-slap Joseph.
You pierce Joseph.
Joseph is severely wounded.
You constrict Joseph, but do no damage.
You tentacle-slap Joseph but do no damage.
Joseph is severely wounded.
You constrict Joseph. Joseph hits you with a +0 quarterstaff!
* * * LOW HITPOINT WARNING * * *
You tentacle-slap Joseph but do no damage.
Joseph is severely wounded.
You constrict Joseph. Joseph hits you with a +0 quarterstaff!
You die...

#...#.#...##
#######..........##
##.##..............##
###...#...............#
#.......#..>.#..#.....#
##..##...#.##).........#
###..###.###..#......##..#
.......#.##...........####
...##..#.##...##@..#..#######
..............###@.#...#....#
.....#...)..<.###..#........#
...........[..##....#..#...##
..............##..#....#...#
...........##....######...##
...........##.....####...##
............###..###..#..##
.....#......###..#####....#


You could see Joseph.

Vanquished Creatures
  A troll (D:5)
  Sigmund (D:3)
  2 hungry ghosts
  Edmund (D:4)
  A porcupine (D:9)
  2 ice beasts
  An orc warrior (D:6)
  A sky beast (D:8)
  2 phantoms
  3 ogres
  2 centaurs
  3 bullfrogs
  A wyvern skeleton (D:8)
  A scorpion (D:4)
  A water moccasin skeleton (D:2)
  A howler monkey (D:5)
  4 crimson imps
  3 hounds
  Crazy Yiuf (D:3)
  A centaur skeleton (D:4)
  An orc priest (D:5)
  4 orc wizards
  Ijyb (D:3)
  An iguana (D:4)
  5 worker ants
  2 big kobold zombies (Ossuary)
  2 mummies (Ossuary)
  A worker ant zombie (D:6)
  5 adders
  2 shadow imps
  A worm zombie (D:6)
  2 adder zombies (Ossuary)
  3 worms (D:2)
  A dart slug (D:5)
  2 leopard geckos
  18 orcs
  6 giant cockroaches
  4 gnoll zombies (Ossuary)
  3 goblins
  7 hobgoblins
  3 jackals (D:2)
  10 kobolds
  2 quokkas
  A ball python (D:1)
  4 bats
  A frilled lizard (D:2)
  4 hobgoblin zombies (Ossuary)
  2 kobold zombies (Ossuary)
  6 orc zombies (Ossuary)
  A quokka zombie (D:5)
  14 rats
  A fungus (D:5)
153 creatures vanquished.

Vanquished Creatures (collateral kills)
  An orc (D:7)
1 creature vanquished.

Grand Total: 154 creatures vanquished

Notes
Turn   | Place    | Note
-------+----------+-------------------------------------------
     0 | D:1      | H0rd4k the Octopode Transmuter began the quest for the Orb.
     0 | D:1      | Reached XP level 1. HP: 13/13 MP: 3/3
   649 | D:1      | Reached XP level 2. HP: 13/18 MP: 5/5
  1349 | D:2      | Learned a level 2 spell: Sticks to Snakes
  1477 | D:2      | Reached XP level 3. HP: 20/23 MP: 6/6
  1482 | D:2      | Learned a level 3 spell: Spider Form
  1563 | D:2      | Found a blossoming altar of Fedhas.
  1659 | D:2      | Noticed a moth of wrath
  1662 | D:2      | Found a bloodstained altar of Trog.
  2116 | D:3      | Reached skill level 4 in Unarmed Combat
  2227 | D:3      | Reached skill level 1 in Stealth
  2227 | D:3      | Reached XP level 4. HP: 10/28 MP: 5/7
  3455 | D:3      | Noticed Ijyb
  3455 | D:3      | Noticed Sigmund
  3481 | D:4      | Noticed Edmund
  3488 | D:5      | Entered Level 5 of the Dungeon
  3577 | D:5      | Found a staircase to the Ecumenical Temple.
  3601 | Temple   | Entered the Ecumenical Temple
  3877 | D:5      | Reached XP level 5. HP: 30/33 MP: 6/8
  4297 | D:5      | Noticed an ogre
  4609 | D:5      | Noticed a troll
  4665 | D:5      | Found a sacrificial altar of Ru.
  4768 | D:5      | Killed an ogre
  4768 | D:5      | Reached skill level 5 in Unarmed Combat
  4768 | D:5      | Reached XP level 6. HP: 38/38 MP: 7/10
  5013 | D:4      | Noticed a phantom
  5254 | D:4      | Killed Edmund
  5254 | D:4      | Reached XP level 7. HP: 33/44 MP: 12/12
  5381 | D:4      | Found a hazy altar of Hepliaklqana.
  5402 | D:4      | Found an ancient bone altar of Kikubaaqudgha.
  6088 | D:6      | Found a shimmering altar of Xom.
  6538 | D:6      | Reached XP level 8. HP: 15/50 MP: 12/14
  6594 | D:6      | Found a sand-covered staircase.
  6607 | Ossuary  | Entered an ossuary
  6823 | Ossuary  | Reached skill level 6 in Unarmed Combat
  8613 | D:7      | Reached skill level 5 in Stealth
  8970 | D:7      | Reached skill level 5 in Spellcasting
  8970 | D:7      | Reached skill level 5 in Transmutations
  8976 | D:7      | Reached skill level 1 in Poison Magic
  9117 | D:7      | Found Paucwior's General Store.
  9473 | D:7      | Noticed Joseph
  9483 | D:7      | Reached skill level 7 in Unarmed Combat
  9483 | D:7      | Reached XP level 9. HP: 46/54 MP: 15/17
  9501 | D:7      | Learned a level 5 spell: Blade Hands
 10240 | D:8      | Reached skill level 1 in Evocations
 10764 | D:7      | Noticed Maggie
 10940 | D:3      | Found a runed translucent door.
 10941 | D:3      | Noticed Crazy Yiuf
 11048 | D:3      | Killed Crazy Yiuf
 11380 | D:3      | Killed Sigmund
 11409 | D:3      | Killed Ijyb
 11626 | D:2      | Found a radiant altar of Vehumet.
 12069 | D:5      | Killed a troll
 12201 | D:7      | Noticed Pikel
 12440 | D:9      | Found a runed translucent gate.
 12440 | D:9      | Found a runed translucent gate.
 12440 | D:9      | Found a runed translucent gate.
 12440 | D:9      | Noticed a cyan ugly thing
 12440 | D:9      | Noticed a red ugly thing
 12440 | D:9      | Noticed a brown very ugly thing
 12440 | D:9      | Noticed a brown ugly thing
 12443 | D:9      | Noticed a white ugly thing
 12444 | D:9      | Noticed a red ugly thing
 12446 | D:9      | Noticed a purple ugly thing
 12596 | D:9      | Reached skill level 8 in Unarmed Combat
 13296 | D:7      | Slain by Joseph

Illustrated notes

Levels and vault maps discovered:
D:1:      dpeg_cavernosity, layout_basic
D:2:      layout_loops_cross, fedhas_ov_isle_minmay, marbit_many_paths, tgw_trog
D:3:      layout_basic, uniq_crazy_yiuf_cottage, uniq_ijyb, uniq_sigmund
D:4:      layout_loops_ring, kennysheep_mini_moat, kiku_gazebo_garden_becter,
          first_ration, uniq_edmund
D:5:      layout_basic, minmay_temple_entry_metal_lava, serial_rivers,
          chequers_serial_rivers_micro_b, chequers_serial_rivers_marsh,
          chequers_serial_rivers_micro_d, chequers_serial_rivers_marsh,
          nicolae_ru_the_path_less_chosen
D:6:      layout_layer_cave, serial_rivers, chequers_serial_rivers_small_b,
          chequers_serial_rivers_large_a, chequers_serial_rivers_small_a,
          chequers_serial_rivers_marsh, enter_ossuary_3, basic_altar
D:7:      layout_cave_pools, kennysheep_little_box, serial_shops, shop,
          uniq_maggie, uniq_joseph, uniq_pikel
D:8:      layout_loops_ring
D:9:      layout_layer_cave, nicolae_gozag_cash_rules_everything_around_me,
          chequers_temple_overflow_statue_of_worship, minmay_lair_entry_grove,
          ploomutoo_gammafunk_ghost_potion_laboratory, vehumet_altar_wand_db
Temple:   nicolae_temple_figure_eight

Skill      XL: |  1  2  3  4  5  6  7  8  9 |
---------------+----------------------------+-----
Unarmed Combat | 4 5 7 8 |  8.2
Stealth        | 1 2 3 4 5 |  5.8
Transmutations | 3 4 5 6 |  6.1
Spellcasting   | 3 4 5 6 |  6.2
Fighting       | 2 |  2.6
Dodging        | 3 4 |  4.1
Poison Magic   | 1 |  1.0
Evocations     | 1 |  1.8

Action                   |  1- 3 |  4- 6 |  7- 9 || total
-------------------------+-------+-------+-------++-------
Melee: Unarmed           |    94 |   105 |   348 ||   547
       Constrict         |    22 |    23 |    59 ||   104
       Tentacles         |    16 |    16 |    58 ||    90
       Punch             |     3 |     6 |    19 ||    28
       Kick              |     2 |    11 |    55 ||    68
 Cast: Beastly Appendage |     2 |    11 |    41 ||    54
       Spider Form       |       |     2 |     4 ||     6
       Sticks to Snakes  |       |       |     2 ||     2
Evoke: Wand              |       |       |    20 ||    20
  Use: Scroll            |       |     3 |    10 ||    13
       Potion            |       |       |     7 ||     7
 Stab: Sleeping          |     6 |     5 |     9 ||    20
       Paralysed         |       |       |     4 ||     4
  Eat: Chunk             |     3 |    10 |     8 ||    21
       Ration            |       |       |     7 ||     7
Armor: Skin              |     3 |     5 |     8 ||    16
Dodge: Dodged            |    60 |    66 |   201 ||   327
